AoeStats
← Perro Solar

Arabia

503915572Analyzed
1v1 RM · 29d ago on Sep 3, 2026· 43m 33s· 2 players
Game mode
Random Map
Map size
Tiny (2 player)
Population
200
Speed
Normal
Resources
Standard
Victory
Conquest
Starting age
Dark Age
Ending age
Imperial Age
RankedLock teamsTeams togetherTeam positionsShared explorationLock speedFull tech treeHidden civsTurbo modeCheats
Victory
Defeat
🇦🇷 Malians · Argentina
1189
+15
🇦🇷 Mongols · Argentina
1165
-15
greco2294
5:12 Loom
8:24 Feudal Age
9:05 Double-Bit Axe
15:42 Horse Collar
17:49 Town Watch
21:23 Castle Age
19:16 Gold Mining
21:10 Fletching
21:21 Padded Archer Armor
22:05 Bodkin Arrow
22:28 Pikeman
25:26 Bow Saw
31:26 Ballistics
41:45 Stone Mining
43:10 Squires
Perro Solar
6:03 Loom
8:54 Feudal Age
10:01 Double-Bit Axe
9:59 Horse Collar
17:15 Wheelbarrow
20:21 Castle Age
19:28 Scale Barding Armor
19:45 Forging
20:42 Bloodlines
22:50 Iron Casting
23:23 Chain Barding Armor
25:08 Bow Saw
30:51 Iron Casting
31:04 Town Watch
31:37 Hand Cart
42:25 Imperial Age
39:52 Fletching
41:37 Husbandry
42:41 Cavalier
43:58 Plate Barding Armor
Connection lost

Rejoining the realm…

Still unreachable

The connection could not be restored.

Session expired

The server has moved on; the page needs a fresh start.